 Dungeon Crawl Stone Soup version 0.20.1-1-g8b1a95d (webtiles) character file.

35 Iskender the Sneak (level 3, -2/17 HPs)
             Began as a Felid Chaos Knight on July 8, 2017.
             Slain by a gnoll
             ... wielding a +0 flail
              (10 damage)
             ... on level 1 of the Dungeon.
             The game lasted 00:05:11 (1090 turns).

Iskender the Sneak (Felid Chaos Knight)             Turns: 1090, Time: 00:05:13

Health: -2/17      AC:  1    Str:  8    XL:     3   Next: 17%
Magic:  4/4        EV: 18    Int: 13    God:    Xom [..*...]
Gold:   63         SH:  0    Dex: 16    Spells: 2/2 levels left
                                        Lives:  0   Deaths: 0

rFire    . . .     SeeInvis +     - Unarmed
rCold    . . .     Gourm    .   (shield unavailable)
rNeg     . . .     Faith    .   (armour unavailable)
rPois    .         Spirit   .   (helmet unavailable)
rElec    .         Reflect  .   (cloak unavailable)
rCorr    .         Harm     .   (gloves unavailable)
MR       .....                  (boots unavailable)
Stlth    +++.......             (no amulet)
Regen    0.1/turn               (no ring)
MPRegen  0.1/turn               (no ring)

@: quick
A: no armour, no weapons or thrown items, stealth, claws 1, fangs 3, see
invisible, carnivore 3, speed 1, shaggy fur 1, slow metabolism 1, sharp paws
a: Renounce Religion


You were on level 1 of the Dungeon.
You worshipped Xom.
You were a toy of Xom.
You were very full.

You visited 1 branch of the dungeon, and saw 1 of its levels.

You collected 63 gold pieces.

Inventory:

Jewellery
 g - an uncursed amulet of the gourmand {unknown}
Scrolls
 b - a scroll of random uselessness {unknown}
 c - a scroll of amnesia {unknown}
 d - a scroll of magic mapping {unknown}
 i - a scroll of teleportation {unknown}
Potions
 e - a potion of haste {unknown}
 f - 2 potions of mutation {unknown}
 h - a potion of flight {unknown}
 j - a potion of curing {unknown}
Comestibles
 a - a meat ration
 k - 3 chunks of flesh


   Skills:
 - Level 3.0 Fighting
 - Level 3.2 Dodging
 + Level 4.2 Stealth
 - Level 3.0 Unarmed Combat


You had 2 spell levels left.
You didn't know any spells.

Dungeon Overview and Level Annotations

Branches:
Dungeon (1/15)

Altars:


Innate Abilities, Weirdness & Mutations

You cannot wear armour.
You are incapable of wielding weapons or throwing items.
Your paws allow you to move quietly. (Stealth)
You have sharp claws.
You have razor-sharp teeth.
You have supernaturally acute eyesight. (SInv)
You are carnivorous and can eat meat at any time.
You cover ground quickly.
You are covered in fur. (AC +1)
You have a slow metabolism.
Your sharp claws are effective at attacking unaware monsters.


Message History

The gnoll is too close now for your liking.
You scratch the gnoll. You bite the gnoll.
The gnoll is heavily wounded.
The gnoll misses you.
You see here a short sword.
There is an open door here.
You closely miss the gnoll.
The gnoll is heavily wounded.
The gnoll hits you with a flail!
Ouch! That really hurt!
You scratch the gnoll but do no damage.
The gnoll is heavily wounded.
The gnoll barely misses you.
There is an open door here.
You scratch the gnoll.
The gnoll is severely wounded.
The gnoll hits you with a flail!
Ouch! That really hurt!
You die... "It's all fun and games until someone loses an eye."

###............#.########........
..'.....................#........
###.........)..#.######.#........
.................#......#.#'#####
###########.##)###.####.#.#.#
.........##.##.# #......#.#.#
########.##.##'###..#...#.#.#
#.....##....g##......#.#.#
#.######.....@.......#.#.#####
#.#....#.....##.#....#.#.#.... ##
#.#.##.#...........#.#.#.#.###
.###.#.##.#############.#.#.#....
.'......#...............#.#.#.)##
.########################.#.#..#
..........................#.#.(#
###########################.#..#
.........# #.#..##


You could see a gnoll.

Vanquished Creatures
  A ball python (D:1)
  2 giant cockroaches (D:1)
  4 goblins (D:1)
  6 hobgoblins (D:1)
  7 jackals (D:1)
  5 kobolds (D:1)
  2 bats (D:1)
  A rat (D:1)
28 creatures vanquished.

Notes
Turn   | Place    | Note
-------+----------+-------------------------------------------
     0 | D:1      | Iskender the Felid Chaos Knight began the quest for the Orb.
     0 | D:1      | Reached XP level 1. HP: 10/10 MP: 2/2
    34 | D:1      | XOM: silly message
    47 | D:1      | Reached skill level 1 in Stealth
   222 | D:1      | Reached skill level 2 in Stealth
   223 | D:1      | XOM: divination: detect creatures
   236 | D:1      | XOM is BORED!
   236 | D:1      | XOM: harmless Chrm miscast
   305 | D:1      | XOM: divination: detect creatures
   310 | D:1      | Reached XP level 2. HP: 12/14 MP: 3/3
   417 | D:1      | Reached skill level 3 in Stealth
   768 | D:1      | Reached skill level 4 in Stealth
   768 | D:1      | Reached XP level 3. HP: 17/17 MP: 4/4
   846 | D:1      | XOM: polymorph kobold -> giant cockroach
  1090 | D:1      | Slain by a gnoll

Skill      XL: |  1  2 |
---------------+-------+-----
Stealth        | 2 4 |  4.2
Fighting       | |  3.0
Dodging        | |  3.2
Unarmed Combat | |  3.0

Action                   || total
-------------------------++-------
Melee: Unarmed           ||    83
       Bite              ||    11
       Punch             ||     3
 Stab: Sleeping          ||     5
       Distracted        ||     1
  Eat: Chunk             ||     7
Armor: Skin              ||     1
Dodge: Dodged            ||    54
